Map: Deathaura LE

Players

A.I. 1 (Very Easy)

  • Race: Terran Terran
  • Spawn Location: 11:00

EdGooberman - Winner!

  • Race: Protoss Protoss
  • Spawn Location: 5:00

VOD

Have the link to the VOD?

Description

Time

  • Played on: Jan. 5, 2021, 8:58 p.m.
  • Length: 8:28
Show
View Real Time Build Order
Export as new Build Order

A.I. 1 (Very Easy) Terran 

Build Orders:  

Get SALT Encoding   

  12  0:00  SCV  
  13  0:13  SCV  
  14  0:19  Supply Depot  
  14  0:37  Refinery  
  14  0:47  Barracks  
  14  1:02  Supply Depot  
  14  1:11  Refinery  
  14  1:29  SCV  
  15  1:33  Marine  
  16  1:41  SCV  
  17  1:53  SCV  
  18  2:05  SCV  
  18  2:07  Marine  
  20  2:17  SCV  
  21  2:29  SCV  
  22  2:40  Marine  
  22  2:42  Orbital Command  
  23  5:42  Marine  
  23  5:46  Supply Depot  
  24  5:50  SCV  
  24  5:54  Factory  
  25  6:03  SCV  
  17  6:11  Marine  
  17  6:15  SCV  
  16  6:24  Factory  
  13  6:27  SCV  
  10  6:39  SCV  
  6  6:46  Supply Depot  
Show
View Real Time Build Order
Export as new Build Order

EdGooberman Protoss - Winner!

Build Orders:  

Get SALT Encoding   

  12  0:00  Probe  
  13  0:16  Pylon  
  13  0:18  Probe  
  14  0:36  Gateway  
  14  0:50  Assimilator  
  14  0:52  Assimilator  
  14  1:06  Pylon  
  14  1:09  Probe  
  15  1:26  Probe  
  16  1:33  Cybernetics Core  
  16  1:44  Zealot  
  18  2:09  Gateway  
  18  2:14  Stargate  
  18  3:00  Fleet Beacon  
  18  3:09  Pylon  
  18  3:34  Mothership (Chrono Boost)  
  26  3:49  Stalker  
  28  3:59  Stalker  
  30  4:11  Void Ray  
  34  4:36  Stalker  
  36  4:44  Stalker  
  38  5:01  Probe (Chrono Boost)  
  39  5:18  Pylon  
  39  5:22  Pylon  
  39  5:36  Probe  
  40  6:09  Void Ray (Chrono Boost)  
  44  6:20  Stalker  
  44  6:21  Stalker  
  48  7:25  Nexus  
  48  7:27  Assimilator  
  48  7:32  Assimilator  
Tags
 
Matchup
PvT
Spawn Locations
Cross Positions
Add a new tag
Caveats
  • Supply blocks, unpowered buildings, or Contaminate may cause inaccurate times.
  • Supply counts are checked every 10 seconds.